 Dungeon Crawl Stone Soup version 0.31-a0-705-ga145531 (webtiles) character file.

Game seed: 1418593550301303145

192955 Rogue the Bewitcher (level 18, -22/94 HPs)
             Began as a Spriggan Enchanter on Sept 6, 2023.
             Was the Champion of Okawaru.
             Shot with a bolt by a naga sharpshooter (30 damage)
             ... on level 1 of the Snake Pit on Sept 9, 2023.
             The game lasted 07:04:03 (37700 turns).

Rogue the Bewitcher (Spriggan Enchanter)           Turns: 37700, Time: 07:04:04

Health: -22/94     AC:  6    Str:  4    XL:     18   Next: 5%
Magic:  43/56      EV: 29    Int: 33    God:    Okawaru [******]
Gold:   650        SH:  0    Dex: 23    Spells: 14/48 levels left

rFire   + . .        n - +7 Spriggan's Knife {stab, EV+4 Stlth+}
rCold   . . .        d - orb {guile}
rNeg    . . .        Y - +1 robe "Ryuhezey" {Will- MP+9 Int+8 Dex-5}
rPois   +            K - +2 hat
rElec   .            k - +0 cloak "Bitu" {rF+ Int+4}
rCorr   +            (gloves unavailable)
SInv    +            (boots unavailable)
Will    .....        H - amulet of regeneration
Stlth   +++++++      a - ring "Mius" {*Slow rCorr MP+9 Int+3 Dex+6}
HPRegen 1.15/turn    J - ring of poison resistance
MPRegen 0.35/turn

%: slow self (1%)
@: slowed, studying 3 skills, quick
A: very small, no large weapons, unfitting armour, see invisible, speed 3
a: Renounce Religion, Heroism, Finesse, Duel


You were on level 1 of the Snake Pit.
You worshipped Okawaru.
Okawaru was exalted by your worship.
You visited 6 branches of the dungeon, and saw 27 of its levels.
You also visited: Ice Cave.

You collected 2688 gold pieces.
You spent 2038 gold pieces at shops.

Inventory:

Hand Weapons
 b - the +10 zealot's sword {holy, Zealotry, *Rage rN+ EV+3}
   (You took it off a deep elf demonologist on level 3 of the Elven Halls)

   Zealotry:  Whenever the wielder enters a berserk rage, their allies are
   berserked alongside them.
   EV+3:      It affects your evasion (+3).
   rN+:       It protects you from negative energy.
   *Rage:     It berserks you when you make melee attacks (+20% chance).
 n - the +7 Spriggan's Knife (weapon) {stab, EV+4 Stlth+}
   (You acquired it on level 14 of the Dungeon)

   Stab:      It is more effective when stabbing unaware enemies, sometimes
   treating them as though they were completely helpless.
   EV+4:      It affects your evasion (+4).
   Stlth+:    It makes you more stealthy.
 o - the +7 captain's cutlass {speed, disarm}
   (Okawaru gifted it to you on level 2 of the Elven Halls)
 E - the +7 hand cannon "Mule" {flame, backblast, rF+}
   (You found it on level 1 of the Elven Halls)

   rF+:       It protects you from fire.
 N - the +4 demon blade of Conformity {vamp, *Slow rF+ rC+}
   (You bought it in a shop on level 2 of the Orcish Mines)

   rF+:       It protects you from fire.
   rC+:       It protects you from cold.
   *Slow:     It may slow you when you take damage.
Missiles
 q - a datura-tipped dart
 R - 9 darts of dispersal
 S - a curare-tipped dart
 W - 8 atropa-tipped darts (quivered)
Armour
 d - an orb of guile (worn)
 k - the +0 cloak "Bitu" (worn) {rF+ Int+4}
   (You found it on level 3 of the Elven Halls)

   Int+4:     It affects your intelligence (+4).
   rF+:       It protects you from fire.
 F - a +3 buckler
 I - the +5 fire dragon scales "Plog" {rF++ rC- Int+2 Dex+2}
   (You took it off a deep elf master archer on level 3 of the Elven Halls)

   Int+2:     It affects your intelligence (+2).
   Dex+2:     It affects your dexterity (+2).
   rF++:      It greatly protects you from fire.
   rC-:       It makes you vulnerable to cold.
 K - a +2 hat (worn)
 M - a +0 robe of willpower
 P - a +2 robe of resistance
 V - a +2 cloak of cold resistance
 Y - the +1 robe "Ryuhezey" (worn) {Will- MP+9 Int+8 Dex-5}
   (Okawaru gifted it to you on level 3 of the Lair of Beasts)

   Int+8:     It affects your intelligence (+8).
   Dex-5:     It affects your dexterity (-5).
   Will-:     It decreases your willpower.
   MP+9:      It affects your magic capacity (+9).
Jewellery
 a - the ring "Mius" (left hand) {*Slow rCorr MP+9 Int+3 Dex+6}
   (You found it on level 5 of the Lair of Beasts)

   [ring of dexterity]

   Int+3:     It affects your intelligence (+3).
   Dex+6:     It affects your dexterity (+6).
   MP+9:      It affects your magic capacity (+9).
   rCorr:     It protects you from acid and corrosion.
   *Slow:     It may slow you when you take damage.
 f - the ring of the Tortoise {AC+8}
   (You took it off a deep elf master archer on level 3 of the Elven Halls)

   [ring of protection]

   AC+8:      It affects your AC (+8).
 h - a ring of flight
 p - a ring of resist corrosion
 s - a ring of protection from fire
 G - the ring of Qasamm {Will+ Dex+3}
   (You found it on level 7 of the Dungeon)

   [ring of willpower]

   Dex+3:     It affects your dexterity (+3).
   Will+:     It increases your willpower.
 H - an amulet of regeneration (around neck)
 J - a ring of poison resistance (right hand)
 Z - a ring of ice
Wands
 D - a wand of mindburst (2)
 O - a wand of quicksilver (9)
 X - a wand of iceblast (8)
Scrolls
 e - 9 scrolls of fog
 l - 3 scrolls of revelation
 v - a scroll of fear
 w - 5 scrolls of immolation
 x - a scroll of enchant armour
 z - a scroll of silence
 B - 14 scrolls of teleportation
 C - 5 scrolls of vulnerability
 L - a scroll of amnesia
 T - 3 scrolls of poison
Potions
 c - a potion of invisibility
 g - 10 potions of curing
 i - 7 potions of might
 j - 5 potions of ambrosia
 m - a potion of cancellation
 r - 5 potions of resistance
 t - 2 potions of haste
 A - 6 potions of magic
 Q - 2 potions of brilliance
 U - 2 potions of heal wounds
Miscellaneous
 y - a phial of floods


   Skills:
 * Level 10.2 Fighting
 + Level 8.9(9.2) Short Blades
 + Level 2.7(5.1) Long Blades
 + Level 0.9 Staves
 + Level 1.5 Ranged Weapons
 + Level 3.6 Throwing
 + Level 5.6 Armour
 + Level 9.1 Dodging
 + Level 15.3 Stealth
 * Level 3.2 Shields
 + Level 15.5 Spellcasting
 * Level 7.1 Conjurations
 + Level 17.2 Hexes
 * Level 9.7 Translocations
 + Level 10.4 Transmutations
 + Level 7.7 Ice Magic
 + Level 1.6 Earth Magic
 * Level 10.2 Invocations
 + Level 2.9 Evocations


You had 14 spell levels left.
You knew the following spells:

 Your Spells              Type           Power      Damage    Failure   Level
a - Ensorcelled Hibernat  Hex/Ice        100%       N/A       0%          2
b - Confusing Touch       Hex            96%        N/A       0%          3
c - Dazzling Flash        Conj/Hex       100%       N/A       1%          3
d - Yara's Violent Unrav  Hex/Tmut       43%        3d17      1%          5
e - Passage of Golubria   Tloc           74%        N/A       1%          4
f - Stone Arrow           Conj/Erth      100%       3d13      1%          3
g - Passwall              Tmut/Erth      50%        N/A       1%          2
h - Enfeeble              Hex            48%        N/A       1%          7
i - Freezing Cloud        Conj/Ice/Air   27%        6-21      6%          5

Your spell library contained the following spells:

 Spells                   Type           Power      Damage    Failure   Level
 Sandblast                Erth           72%        2d16      1%          1
 Shock                    Conj/Air       100%       1d9       1%          1
 Blink                    Tloc           100%       N/A       1%          2
 Lesser Beckoning         Tloc           100%       N/A       1%          2
 Momentum Strike          Conj/Tloc      100%       3d10      1%          2
 Gell's Gravitas          Tloc           74%        N/A       1%          3
 Inner Flame              Hex/Fire       70%        N/A       1%          3
 Mephitic Cloud           Conj/Pois/Air  41%        N/A       1%          3
 Ozocubu's Armour         Ice            67%        N/A       1%          3
 Portal Projectile        Hex/Tloc       100%       N/A       1%          3
 Teleport Other           Tloc           74%        N/A       1%          3
 Leda's Liquefaction      Hex/Erth       36%        N/A       1%          4
 Metabolic Englaciation   Hex/Ice        41%        N/A       1%          5
 Poisonous Vapours        Pois/Air       50%        N/A       2%          2
 Flame Wave               Conj/Fire      49%        2d12      3%          4
 Sticky Flame             Conj/Fire      49%        2d7       3%          4
 Swiftness                Air            25%        N/A       4%          3
 Dispersal                Tloc           37%        N/A       4%          6
 Airstrike                Air            12%        2d(2-18)  16%         4
 Ozocubu's Refrigeration  Ice            33%        4d14      50%         7
 Lehudib's Crystal Spear  Conj/Erth      26%        10d7      100%        8
 Tukima's Dance           Hex            Unusable   N/A       N/A         3
 Summon Mana Viper        Hex/Summ       Unusable   N/A       N/A         5
 Call Canine Familiar     Summ           Unusable   N/A       N/A         3
 Summon Forest            Summ/Tloc      Unusable   N/A       N/A         5
 Animate Armour           Summ/Erth      Unusable   N/A       N/A         4
 Simulacrum               Ice/Necr       Unusable   N/A       N/A         6
 Summon Cactus Giant      Summ           Unusable   N/A       N/A         6

Dungeon Overview and Level Annotations

Branches:
Dungeon (15/15)            Temple (1/1) D:4            Lair (5/5) D:11
  Swamp (0/4) Lair:2        Snake (1/4) Lair:2        Slime (0/5) Lair:5
    Orc (2/2) D:10            Elf (3/3) Orc:2        Vaults (0/5) D:13
 Depths (0/4) D:15          IceCv (visited)

Altars:
Ashenzari
Cheibriados
Dithmenos
Elyvilon
Fedhas
Gozag
Hepliaklqana
Kikubaaqudgha
Makhleb
Nemelex Xobeh
Okawaru
Qazlal
Ru
Sif Muna
Trog
Uskayaw
Vehumet
Wu Jian
Xom
Yredelemnul
Zin
The Shining One
Jiyva

Shops:
D:3 *!!((   D:6 [   Orc:1 ?   Orc:2 (*[=   Elf:2 *

Portals:
Trove: D:13 (show slimy rune of Zot)

Annotations:
Lair:5 BarneyGumball's ghost, journeyman HOFi
Snake:1 1 runed translucent door, Muib's ghost, adept TrSh
Elf:2 3 runed translucent doors


Innate Abilities, Weirdness & Mutations

You are very small and have problems with some larger weapons.
You are too small for most types of armour.
You have supernaturally acute eyesight. (SInv)
You cover ground extremely quickly. (Speed+++)


Message History

The naga mage mumbles some strange words.
The naga mage seems to speed up.
The naga sharpshooter spits poison at you.
The splash of poison hits you. You resist.
A naga mage comes into view. It is wielding a +0 flail.
Unknown command.
You puncture the anaconda!
The anaconda is lightly wounded.
The anaconda completely misses you. The black mamba barely misses you.
The anaconda misses you. The anaconda bites you! The naga mage misses you.
The anaconda completely misses you. The black mamba bites you!
You are poisoned.
The black mamba poisons you!
The naga sharpshooter gestures wildly while chanting.
You catch the helpless anaconda completely off-guard!
You stick the anaconda like a pincushion!!!
You kill the anaconda!
Okawaru accepts your kill.
You feel very sick. The naga mage spits poison at you.
The splash of poison misses you.
The splash of poison hits the black mamba.
The black mamba completely misses you. The anaconda grabs you.
The anaconda bites you!
* * * LOW HITPOINT WARNING * * *
The anaconda constricts you.
* * * LOW HITPOINT WARNING * * *
Okay, then.
Okay, then.
Blink to where?
Press: ? - help, Dir - move target You escape the anaconda's grasp.
As you read the scroll of blinking, it crumbles to dust.
You feel very sick.
You feel better. The black mamba bites you!
* * * LOW HITPOINT WARNING * * *
The naga sharpshooter mumbles some strange words.
The naga sharpshooter magically shoots a bolt.
The bolt hits you!!
You die...

#..##..S.#.####.#
#......NNS†.....#
#.......S####.### # #########N#
#.### ########.# #.# #...#
#.....[..# #.# ##.#.# ....###..#
#.# #....######♣♣♣ ....# #..# #S#
#....~~P~~~~~P ....# #..# #@#
#....~~PP~P~P≈ ....###..#######.#
###..P~~~~~≈≈≈ ...<)............#
#...~~~~P~≈≈
^...##################..~~~~~~≈≈≈
..........................P~~~≈≈≈
######################...~~~~~≈≈≈
#......# #...~~~~~~≈≈ #......#
#..~~~~~~≈≈~ #......#
##...~~~~~~~~


You could see a naga sharpshooter, an anaconda (slow), 2 black mambas, a naga
mage (fast, catching breath) and a naga (blind).

Vanquished Creatures
  The ghost of Vett the Ruinous, an adept DrNe of Vehumet (Elf:1)
  The ghost of Soggutosm the Warrior, an adept HOFi of Qazlal (Elf:3)
  Zenata (Elf:3)
  A deep elf master archer (Elf:3)
  2 azure jellies (Elf:1)
  2 deep elf sorcerers (Elf:3)
  Louise (Snake:1)
  8 deep elf elementalists (Elf:3)
  An orc warlord (Orc:2)
  A reaper (IceCv)
  A quicksilver ooze (Elf:1)
  8 deep elf demonologists (Elf:3)
  9 deep elf annihilators
  2 deep elf death magi (Elf:3)
  Snorg (Lair:4)
  An ettin (Orc:2)
  6 deep elf high priests (Elf:3)
  A fire dragon (Lair:5)
  2 vault guards (D:13)
  A jorogumo (shapeshifter) (Elf:3)
  7 centaur warriors
  4 hydras
  3 boulder beetles
  19 dancing weapons
  6 two-headed ogres
  3 anacondas (Snake:1)
  3 naga warriors (Snake:1)
  4 orc high priests
  18 death yaks
  2 shock serpents (Snake:1)
  12 deep elf knights
  Urug (D:12)
  8 skysharks
  A skyshark (shapeshifter) (Elf:3)
  2 sea snakes (Snake:1)
  An obsidian statue (D:14)
  A glowing orange brain (shapeshifter) (Elf:3)
  4 naga ritualists (Snake:1)
  12 deep elf archers
  The ghost of kickassninja the Conjurer, a novice DECj (D:9)
  A swamp dragon (Lair:5)
  An orange crystal statue (D:14)
  7 orc knights
  A lindwurm (shapeshifter) (Elf:3)
  5 cyclopes
  32 deep elf pyromancers
  7 ugly things
  7 mana vipers (Snake:1)
  24 deep elf zephyrmancers
  3 orc sorcerers
  A shining eye (shapeshifter) (Elf:3)
  2 manticores
  13 elephants
  2 salamanders
  A moth of wrath (Elf:3)
  Joseph (D:7)
  2 guardian serpents (Snake:1)
  23 black mambas
  A gargoyle (D:12)
  2 eyes of devastation (Elf:1)
  A water nymph (shapeshifter) (Elf:3)
  19 cane toads
  2 ice statues (IceCv)
  5 naga magi (Snake:1)
  9 rime drakes
  3 kobold demonologists (D:12)
  A yaktaur (Orc:2)
  5 ice devils (IceCv)
  8 komodo dragons
  3 anaconda simulacra (IceCv)
  A queen bee (D:9)
  2 merfolk
  5 trolls
  A hornet (D:8)
  Prince Ribbit (D:7)
  4 polar bears
  11 blink frogs
  17 slime creatures
  2 vampires
  5 water elementals
  A spriggan (shapeshifter) (Elf:3)
  3 air elementals
  6 wyverns
  A wraith (D:12)
  A shadow (D:9)
  2 dire elephant simulacra (IceCv)
  8 humans (D:13)
  A culicivora (shapeshifter) (D:13)
  5 steam dragons
  22 yaks
  A basilisk (shapeshifter) (D:14)
  7 basilisks
  A fire elemental (Elf:1)
  A death yak simulacrum (IceCv)
  9 vampire mosquitoes
  6 golden eyes (Elf:1)
  4 harpy simulacra (IceCv)
  An acid dragon (shapeshifter) (Elf:3)
  A swamp worm (shapeshifter) (D:15)
  6 wargs
  Menkaure (D:5)
  Duvessa (D:7)
  6 nagas (Snake:1)
  18 water moccasins
  3 acid dragons
  A hydra simulacrum (IceCv)
  A black bear (shapeshifter) (D:15)
  3 black bears
  5 ice beasts
  43 orc warriors
  11 ogres
  20 centaurs
  26 wolves
  A phantom (D:5)
  3 kobold brigands
  9 bullfrogs
  2 scorpions
  A two-headed ogre simulacrum (IceCv)
  An earth elemental (Elf:1)
  A gnoll sergeant (D:7)
  12 wights
  Dowan (D:7)
  15 killer bees
  4 electric eels
  2 lava snakes (Lair:2)
  2 howler monkeys (D:8)
  4 jellies
  3 gnoll boudas
  A hound (D:6)
  17 orc priests
  An iguana (shapeshifter) (Elf:3)
  28 orc wizards
  8 iguanas
  5 hell rats (Lair:2)
  A polar bear simulacrum (IceCv)
  A mummy (D:4)
  18 gnolls
  2 naga simulacra (IceCv)
  7 adders
  An adder (shapeshifter) (Elf:3)
  2 shadow imps
  4 ufetubi
  2 worms
  2 dart slugs (D:2)
  75 orcs
  6 endoplasms
  3 giant cockroaches
  4 goblins
  12 hobgoblins
  4 jackals (D:3)
  9 kobolds
  5 quokkas
  6 ball pythons
  11 bats
  2 frilled lizards (D:2)
  A hobgoblin zombie (D:4)
  A kobold zombie (D:4)
  2 orc zombies (D:4)
  A rat (D:1)
933 creatures vanquished.

Vanquished Creatures (collateral kills)
  A black mamba (Snake:1)
  An orc wizard (D:7)
  6 orcs
8 creatures vanquished.

Vanquished Creatures (others)
  2 vault guards (D:13)
  A mana viper (Snake:1)
  A yak (D:9)
  2 bullfrogs (D:9)
  A gnoll sergeant (D:9)
  5 wights
  2 electric eels (D:9)
14 creatures vanquished.

Grand Total: 955 creatures vanquished

Notes
Turn   | Place    | Note
-------+----------+-------------------------------------------
     0 | D:1      | Rogue the Spriggan Enchanter began the quest for the Orb.
     0 | D:1      | Reached XP level 1. HP: 9/9 MP: 5/5
   166 | D:1      | Reached skill level 4 in Hexes
   314 | D:2      | Reached XP level 2. HP: 13/13 MP: 6/6
   321 | D:2      | Learned a level 2 spell: Ensorcelled Hibernation
   569 | D:2      | Found a faded altar of an unknown god.
   994 | D:2      | Reached XP level 3. HP: 17/17 MP: 4/8
  1125 | D:2      | Learned a level 3 spell: Confusing Touch
  1483 | D:2      | Found a hazy altar of Hepliaklqana.
  1932 | D:1      | Reached XP level 4. HP: 21/21 MP: 6/9
  2228 | D:2      | Reached skill level 1 in Fighting
  2249 | D:2      | Reached skill level 1 in Ice Magic
  2423 | D:3      | Found Xoahena's Distillery.
  2514 | D:3      | Bought a potion of curing for 36 gold pieces
  2527 | D:3      | Found Holuarit's Weapon Shoppe.
  2546 | D:3      | Learned a level 3 spell: Dazzling Flash
  2694 | D:3      | Found Enwe's Distillery.
  2697 | D:3      | Reached XP level 5. HP: 25/25 MP: 11/11
  2709 | D:3      | Reached skill level 5 in Hexes
  2725 | D:3      | Bought a potion of might for 56 gold pieces
  2881 | D:3      | Found a stormy altar of Qazlal.
  2902 | D:3      | You fall into a shaft and drop 1 floor!
  3085 | D:3      | Found Aneahom's General Store.
  3553 | D:3      | Found Gaschuuta's Weapon Boutique.
  4238 | D:4      | Reached XP level 6. HP: 30/30 MP: 10/13
  4343 | D:4      | Found a staircase to the Ecumenical Temple.
  4349 | Temple   | Entered the Ecumenical Temple
  4984 | D:5      | Entered Level 5 of the Dungeon
  5452 | D:5      | Reached skill level 1 in Conjurations
  5452 | D:5      | Reached XP level 7. HP: 34/35 MP: 9/14
  5560 | D:5      | Reached skill level 6 in Hexes
  5578 | D:5      | Noticed Menkaure
  5687 | D:5      | Killed Menkaure
  5861 | D:5      | Found an ornate altar of the Wu Jian Council.
  6669 | D:6      | Reached skill level 5 in Spellcasting
  6741 | D:6      | Found Jaopnaups's Antique Armour Boutique.
  6786 | D:6      | Reached XP level 8. HP: 40/40 MP: 16/16
  6791 | D:6      | Found a broken altar of Ashenzari.
  6795 | D:6      | Saw a vision of the Swamp and the Snake Pit.
  6795 | D:6      | Noticed a spriggan rider
  6795 | D:6      | Noticed a naga mage
  6795 | D:6      | Noticed a black mamba
  6795 | D:6      | Noticed a spriggan rider
  6795 | D:6      | Noticed an alligator
  6795 | D:6      | Noticed an anaconda
  6795 | D:6      | Noticed a spriggan rider
  6795 | D:6      | Noticed a tyrant leech
  6795 | D:6      | Noticed a naga mage
  6796 | D:6      | Noticed a mana viper
  6797 | D:6      | Noticed a black mamba
  6798 | D:6      | Noticed a goliath frog
  6837 | D:6      | Reached skill level 5 in Stealth
  7026 | D:6      | Reached skill level 1 in Throwing
  7051 | D:6      | Reached skill level 7 in Hexes
  7187 | D:6      | Found a white marble altar of Elyvilon.
  7349 | D:6      | Found a blossoming altar of Fedhas.
  7664 | D:6      | Noticed a tyrant leech
  8075 | D:7      | Reached XP level 9. HP: 38/44 MP: 15/18
  8298 | D:7      | Noticed Joseph
  8381 | D:7      | Reached skill level 5 in Short Blades
  8836 | D:7      | Identified the ring of Qasamm {Will+ Dex+3}
  8872 | D:7      | Noticed Prince Ribbit
  8888 | D:7      | Killed Prince Ribbit
  8912 | D:7      | Noticed Dowan
  8919 | D:7      | Noticed Duvessa
  8923 | D:7      | Killed Dowan
  8924 | D:7      | Reached skill level 8 in Hexes
  8957 | D:7      | Killed Duvessa
  9074 | D:7      | Killed Joseph
  9297 | D:7      | Reached XP level 10. HP: 51/51 MP: 14/20
  9820 | D:8      | Reached skill level 10 in Stealth
 10255 | D:8      | Noticed a two-headed ogre
 10271 | D:8      | Killed a two-headed ogre
 10272 | D:8      | Reached skill level 5 in Fighting
 10295 | D:8      | Reached skill level 9 in Hexes
 10372 | D:8      | Found a basalt altar of Yredelemnul.
 10373 | D:8      | Found a radiant altar of Vehumet.
 10376 | D:8      | Found a shadowy altar of Dithmenos.
 10377 | D:8      | Found a snail-covered altar of Cheibriados.
 10521 | D:3      | Bought 2 potions of curing for 84 gold pieces
 10521 | D:3      | Bought a potion of curing for 42 gold pieces
 10521 | D:3      | Bought a potion of magic for 112 gold pieces
 10911 | D:9      | Found a transporter.
 10911 | D:9      | Found a transporter.
 10915 | D:9      | Noticed kickassninja's ghost (novice DECj)
 10976 | D:9      | Found a shimmering altar of Xom.
 11482 | D:9      | Found Zin's Purification Station.
 11487 | D:9      | Found a glowing silver altar of Zin.
 11552 | D:9      | HP: 2/51 [electric eel/bolt of electricity (11)]
 11921 | D:9      | HP: 1/51 [water elemental (5)]
 11933 | D:9      | Reached skill level 1 in Evocations
 12292 | D:10     | Entered Level 10 of the Dungeon
 12302 | D:10     | Noticed a two-headed ogre
 12350 | D:10     | Killed a two-headed ogre
 12351 | D:10     | Reached XP level 11. HP: 56/56 MP: 19/23
 12408 | D:10     | Noticed a two-headed ogre
 12415 | D:10     | Killed a two-headed ogre
 12495 | D:10     | Found a sacrificial altar of Ru.
 12877 | D:10     | Found a staircase to the Orcish Mines.
 13158 | D:10     | Found an iron altar of Okawaru.
 13169 | D:10     | Became a worshipper of Warmaster Okawaru
 13417 | D:11     | Found a staircase to the Lair.
 13577 | D:11     | Found a hide-covered altar of Uskayaw.
 13605 | D:11     | Reached * piety under Okawaru
 13606 | D:11     | Reached skill level 1 in Armour
 13680 | D:11     | Noticed a two-headed ogre
 13687 | D:11     | Killed a two-headed ogre
 13688 | D:11     | Reached skill level 5 in Conjurations
 13688 | D:11     | Reached skill level 1 in Invocations
 13730 | D:11     | Learned a level 5 spell: Yara's Violent Unravelling
 13750 | D:11     | Noticed an orc knight
 13805 | D:11     | Killed an orc knight
 13806 | D:11     | Reached skill level 10 in Hexes
 13819 | D:11     | Reached ** piety under Okawaru
 13900 | D:11     | Reached skill level 1 in Transmutations
 13972 | D:11     | Noticed a two-headed ogre
 13982 | D:11     | Killed a two-headed ogre
 14503 | Lair:1   | Entered Level 1 of the Lair of Beasts
 14507 | Lair:1   | Reached *** piety under Okawaru
 14626 | Lair:1   | Reached skill level 11 in Hexes
 14660 | Lair:1   | Reached XP level 12. HP: 61/61 MP: 23/25
 14892 | Lair:1   | Noticed a death yak
 14892 | Lair:1   | Noticed a death yak
 15151 | Lair:1   | Noticed a death yak
 15153 | Lair:1   | Noticed a death yak
 15166 | Lair:1   | Killed a death yak
 15166 | Lair:1   | Reached **** piety under Okawaru
 15176 | Lair:1   | Killed a death yak
 15178 | Lair:1   | Killed a death yak
 15191 | Lair:1   | Killed a death yak
 15432 | Lair:1   | Received a gift from Okawaru
 15710 | Lair:2   | Found a staircase to the Swamp.
 15761 | Lair:2   | Reached skill level 12 in Hexes
 16103 | Lair:2   | Reached ***** piety under Okawaru
 16777 | Lair:2   | Found a staircase to the Snake Pit.
 17333 | Lair:3   | Reached skill level 5 in Ice Magic
 17338 | Lair:3   | Reached skill level 5 in Dodging
 17356 | Lair:3   | Reached ****** piety under Okawaru
 17433 | Lair:3   | Reached skill level 10 in Spellcasting
 17459 | Lair:3   | Identified the +1 robe "Ryuhezey" {Will- MP+9 Int+8 Dex-5}
                  | (Okawaru gifted it to you on level 3 of the Lair of Beasts)
 17459 | Lair:3   | Received a gift from Okawaru
 17460 | Lair:3   | Reached skill level 5 in Transmutations
 17460 | Lair:3   | Reached XP level 13. HP: 67/67 MP: 21/28
 18494 | Lair:4   | Noticed Snorg
 18502 | Lair:4   | Killed Snorg
 18508 | Lair:4   | Reached skill level 13 in Hexes
 18959 | Lair:4   | Reached skill level 5 in Invocations
 19193 | Lair:4   | Received a gift from Okawaru
 19467 | Lair:5   | Entered Level 5 of the Lair of Beasts
 19467 | Lair:5   | Noticed BarneyGumball's ghost (journeyman HOFi)
 19469 | Lair:5   | Found a runed translucent door.
 19566 | Lair:5   | Reached XP level 14. HP: 72/72 MP: 30/30
 19600 | Lair:5   | Identified the +0 cloak "Puskiym" {Harm rN+ Dex+3} (Okawaru
                  | gifted it to you on level 5 of the Lair of Beasts)
 19600 | Lair:5   | Received a gift from Okawaru
 19941 | Lair:5   | Found a staircase to the Slime Pits.
 20060 | Lair:5   | Reached skill level 5 in Armour
 20409 | Lair:5   | Reached skill level 14 in Hexes
 20928 | Lair:5   | Identified the ring "Mius" {*Slow rCorr MP+9 Int+3 Dex+6}
 21671 | Orc:1    | Entered Level 1 of the Orcish Mines
 21707 | Orc:1    | Found Jotruer's Magic Scroll Shop.
 21710 | Orc:1    | Bought a scroll of identify for 30 gold pieces
 21712 | Orc:1    | Bought a scroll of revelation for 112 gold pieces
 21712 | Orc:1    | Bought a scroll of vulnerability for 60 gold pieces
 22042 | Orc:2    | Entered Level 2 of the Orcish Mines
 22380 | Orc:2    | Found a staircase to the Elven Halls.
 22797 | Orc:2    | Noticed an orc warlord
 22929 | Orc:2    | Killed an orc warlord
 22929 | Orc:2    | Received a gift from Okawaru
 23113 | Orc:2    | Noticed Nergalle
 23116 | Orc:2    | Nergalle changed into Nergalle the merfolk
 23116 | Orc:2    | Noticed Nergalle
 23127 | Orc:2    | Killed Nergalle the merfolk
 23223 | Orc:2    | Found Wolewat's Antique Weapon Emporium.
 23318 | Orc:2    | Found Qavur Cerch's General Store.
 23321 | Orc:2    | Found Pejaamn's Jewellery Emporium.
 23421 | Orc:2    | Found Geazeeso's Antique Armour Emporium.
 23606 | Orc:1    | Noticed an orc warlord
 23934 | Orc:2    | Bought a scorched demon blade for 520 gold pieces
 23934 | Orc:2    | Identified the +4 demon blade of Conformity {vamp, *Slow
                  | rF+ rC+} (You bought it in a shop on level 2 of the Orcish
                  | Mines)
 24088 | Orc:2    | an orc warlord changed into a yaktaur
 24517 | Orc:1    | Reached XP level 15. HP: 74/77 MP: 32/32
 24635 | Orc:2    | Bought a book of Vapours for 312 gold pieces
 24773 | D:12     | Found a frozen archway.
 24794 | IceCv    | Entered an ice cave
 25099 | IceCv    | Reached skill level 1 in Long Blades
 25173 | IceCv    | Received a gift from Okawaru
 25367 | D:12     | Upgraded the game from 0.31-a0-691-g409c26a to
                  | 0.31-a0-698-g4a7cf28
 25463 | D:12     | Received a gift from Okawaru
 25477 | D:12     | Noticed Urug
 25508 | D:12     | Killed Urug
 26380 | D:13     | Found a portal to a secret trove of treasure.
 27047 | D:13     | Found a gate to the Vaults.
 27402 | D:14     | Identified a scroll of acquirement
 27403 | D:14     | Acquired the +7 Spriggan's Knife {stab, EV+4 Stlth+}
 27403 | D:14     | Found the +7 Spriggan's Knife {stab, EV+4 Stlth+}
 27511 | D:14     | Received a gift from Okawaru
 27772 | D:14     | Reached skill level 15 in Hexes
 27827 | D:14     | Learned a level 4 spell: Passage of Golubria
 27959 | D:14     | Reached skill level 10 in Transmutations
 28018 | D:15     | Entered Level 15 of the Dungeon
 28063 | D:15     | Identified the +4 scale mail of the Cricket {rCorr}
 28072 | D:15     | Found a staircase to the Depths.
 28120 | D:15     | Reached skill level 1 in Translocations
 28917 | D:9      | Killed kickassninja's ghost
 28957 | D:9      | Identified the ring "Afuosa" {AC+4 Int+2}
 29150 | D:3      | Bought a potion of heal wounds for 60 gold pieces
 29150 | D:3      | Bought a potion of might for 48 gold pieces
 29163 | D:3      | Bought a potion of invisibility for 112 gold pieces
 29163 | D:3      | Bought a potion of haste for 140 gold pieces
 29163 | D:3      | Bought a potion of haste for 140 gold pieces
 29341 | Orc:2    | Bought a scroll of vulnerability for 48 gold pieces
 29341 | Orc:2    | Bought a scroll of teleportation for 36 gold pieces
 29421 | D:9      | Bought a potion of curing for 90 gold pieces
 29428 | D:9      | Learned a level 3 spell: Stone Arrow
 29431 | D:9      | Learned a level 2 spell: Passwall
 29439 | D:9      | Learned a level 7 spell: Enfeeble
 29445 | D:9      | Learned a level 5 spell: Freezing Cloud
 29540 | Elf:1    | Entered Level 1 of the Elven Halls
 29581 | Elf:1    | Paralysed by an air elemental for 1 turns
 29594 | Elf:1    | Identified the +6 war axe of Loinyp {flame, Int+3}
 29746 | Elf:1    | Reached XP level 16. HP: 84/84 MP: 34/34
 29789 | Elf:1    | Received a gift from Okawaru
 29919 | Elf:1    | Found a runed translucent gate.
 29920 | Elf:1    | Found a runed translucent gate.
 29921 | Elf:1    | Found a runed translucent gate.
 29924 | Elf:1    | Found a viscous altar of Jiyva.
 29924 | Elf:1    | Noticed Vett's ghost (adept DrNe)
 29924 | Elf:1    | Found the +7 hand cannon "Mule" {flame, backblast, rF+}
 30040 | Elf:1    | Identified the +1 robe of Vlad {*Slow Dex+5 Stlth+}
                  | (Okawaru gifted it to you on level 1 of the Elven Halls)
 30040 | Elf:1    | Received a gift from Okawaru
 30359 | Elf:1    | Reached skill level 5 in Translocations
 31151 | Elf:1    | Reached skill level 1 in Earth Magic
 32078 | Elf:1    | Killed Vett's ghost
 32196 | Elf:2    | Reached skill level 16 in Hexes
 32238 | Elf:2    | Found a runed translucent gate.
 32239 | Elf:2    | Found a runed translucent gate.
 32240 | Elf:2    | Found a runed translucent gate.
 32273 | Elf:2    | Received a gift from Okawaru
 32273 | Elf:2    | Found the +7 captain's cutlass {speed, disarm}
 32277 | Elf:2    | Reached skill level 1 in Ranged Weapons
 32467 | Elf:2    | Identified the +5 quarterstaff "Bumeh" {vamp, Will+}
 32831 | Elf:2    | Paralysed by an air elemental for 1 turns
 32839 | Elf:2    | Found Mudd's Assorted Antiques.
 33161 | Elf:3    | Entered Level 3 of the Elven Halls
 33233 | Elf:3    | Noticed Zenata
 33240 | Elf:3    | Killed Zenata
 33397 | Elf:3    | Reached skill level 1 in Shields
 33397 | Elf:3    | Reached XP level 17. HP: 88/88 MP: 36/36
 33559 | Elf:3    | Found a transporter.
 33560 | Elf:3    | Noticed Soggutosm's ghost (adept HOFi)
 33588 | Elf:3    | Found a transporter.
 33647 | Elf:3    | Identified the +2 robe of Zolaro {Dex+2} (Okawaru gifted it
                  | to you on level 3 of the Elven Halls)
 33647 | Elf:3    | Received a gift from Okawaru
 34107 | Elf:3    | Noticed a caustic shrike
 34114 | Elf:3    | Noticed an iron giant
 34117 | Elf:3    | Identified the +0 cloak "Bitu" {rF+ Int+4}
 34121 | Elf:3    | Killed Soggutosm's ghost
 34198 | Elf:3    | Identified the +0 pair of gloves "Doxko" {Int+2}
 34572 | Elf:3    | Reached skill level 15 in Spellcasting
 34858 | Elf:3    | Identified the +1 rapier of Waolyru {flame, rElec rN++
                  | Int-5 Stlth+}
 34931 | Elf:3    | Received a gift from Okawaru
 35244 | Elf:3    | Received a gift from Okawaru
 35326 | Elf:3    | Reached skill level 10 in Fighting
 35453 | Elf:3    | Identified the +5 fire dragon scales "Plog" {rF++ rC- Int+2
                  | Dex+2}
 35453 | Elf:3    | Noticed a deep elf master archer
 35461 | Elf:3    | Killed a deep elf master archer
 35556 | Elf:3    | Identified the staff "Daekeb" {rPois Int+4 Dex+3 Stlth-
                  | Conj}
 35577 | Elf:3    | Identified the +4 arbalest "Jasafroki" {flame, Str+4 Dex+4}
 35579 | Elf:3    | Identified the staff "Sixzy" {rN+ Will+ Necro}
 35941 | Elf:3    | Upgraded the game from 0.31-a0-698-g4a7cf28 to
                  | 0.31-a0-705-ga145531
 36276 | Snake:1  | Entered Level 1 of the Snake Pit
 36501 | Snake:1  | Received a gift from Okawaru
 36571 | Snake:1  | Noticed Louise
 36578 | Snake:1  | Killed Louise
 36584 | Snake:1  | Reached skill level 17 in Hexes
 36615 | Snake:1  | Identified the +0 robe of Yssovebi {rElec rF- rCorr Int+4}
                  | (Okawaru gifted it to you on level 1 of the Snake Pit)
 36615 | Snake:1  | Received a gift from Okawaru
 36616 | Snake:1  | Reached skill level 10 in Invocations
 36663 | Snake:1  | Reached skill level 15 in Stealth
 36992 | Snake:1  | Found a runed translucent door.
 36993 | Snake:1  | Noticed Muib's ghost (adept TrSh)
 37357 | Snake:1  | Reached XP level 18. HP: 93/93 MP: 38/38
 37700 | Snake:1  | Shot with a bolt by a naga sharpshooter

Illustrated notes

Levels and vault maps discovered:
D:1:      mrwooster_arrival_statue, layout_loops_ring
D:2:      minmay_alternating_diamond, layout_loops_ring,
          shapermc_ecumenical_altar_mp_vishouse, basic_altar
D:3:      layout_loops_corners, lemuel_tele_altar, serial_shops, shop,
          nicolae_shop_trees, shop, nicolae_shop_stone, shop
D:4:      layout_loops_ring, temple_fountains, minivault_4, minmay_mini_ossuary
D:5:      layout_layer_cave, nicolae_wu_jian_wuxing_cycle, uniq_menkaure
D:6:      layout_gridville, mainiacjoe_overflow_catwalk,
          fedhas_bush_and_centaur_altar, grunt_ashenzari_visionary
          [grunt_ashenzari_visionary_swamp, grunt_ashenzari_visionary_snake],
          serial_shops, shop, corexii_shack
D:7:      kb_forest_paths, layout_basic, bh_walls_and_bars, uniq_joseph,
          uniq_duvessa, uniq_prince_ribbit1
D:8:      layout_loops_ring, mainiacjoe_overflow_alcove_3
D:9:      layout_stronghold, zin_purify, xom_confusion_cloud,
          gammafunk_ghost_hive, nicolae_rank_and_phial
D:10:     layout_cave_pools, nicolae_ru_awakened_eye,
          kennysheep_okawaru_gauntlet, orc_0_dummy
D:11:     layout_irregular_city, hellmonk_lair_entry_icy,
          nicolae_uskayaw_suspiria
D:12:     layout_loops_ring, portal_ice_cave_entry_pillars_2, uniq_urug
D:13:     layout_loops_ring, ximxim_vaults_locker_room,
          nicolae_trove_entry_columns
D:14:     layout_cave_pools, minmay_more_statues
D:15:     hangedman_depths_entry_try_elsewhere_first, layout_stronghold,
          grunt_decor_arrowhead
Temple:   nicolae_temple_bog_church
Lair:1:   layout_cave_pods, nicolae_lair_grazing_beasts
          [nicolae_sub_lair_graze_edge, nicolae_sub_lair_graze_edge,
          nicolae_sub_lair_graze_edge, nicolae_sub_lair_graze_edge]
Lair:2:   layout_regular_city, swamp_mist_pool, nicolae_snake_entry_warm_welcome
Lair:3:   layout_roguey, lemuel_fruit_fields
Lair:4:   beargit_carnivore_pack, layout_concentric_octagons, uniq_snorg
Lair:5:   guppyfry_lair_end_dragon, layout_small_grid,
          nicolae_slime_entry_field_trip, hellmonk_ghost_happy_afterlife,
          lemuel_fruit_fields, lemuel_fruit_tree
Snake:1:  layout_basic, gammafunk_ghost_grave, nicolae_snake_storage_room,
          serial_bayou_shore_a, grunt_megastairs_2, uniq_louise
Orc:1:    layout_caves, basic_altar, serial_shops, nicolae_shop_real_fake_doors
Orc:2:    grunt_orc_cross, layout_diamond_mine, minmay_orc_temple_b
Elf:1:    eino_elf_arrival_the_gate, layout_geoelf_grid, gammafunk_ghost_ooze,
          hangedman_elven_crosses_minicolossus
Elf:2:    elven_hall_of_blades_hangedman_original
          [infiniplex_blade_entry_pillars], layout_gridlike, serial_shops, shop
Elf:3:    minmay_elf_hall_curves, layout_onion_city,
          gammafunk_ghost_berserking_beasts, uniq_zenata

Skill      XL: |  1  2  3  4  5  6  7  8  9 10 11 12 13 14 15 16 17 |
---------------+----------------------------------------------------+-----
Hexes          | 4 5 6 7 8 9 11 12 13 14 15 16 17 | 17.2
Spellcasting   | 3 4 5 6 7 8 10 11 12 13 14 15 | 15.5
Fighting       | 1 2 3 4 5 6 7 8 9 10 | 10.2
Ice Magic      | 1 2 3 5 6 7 |  7.7
Dodging        | 3 4 5 7 8 9 |  9.1
Short Blades   | 2 3 4 6 7 8 |  8.9
Conjurations   | 1 2 3 4 5 6 7 |  7.1
Stealth        | 6 9 11 12 15 | 15.3
Throwing       | 1 2 3 |  3.6
Evocations     | 1 2 |  2.9
Armour         | 2 3 4 5 |  5.6
Invocations    | 2 3 5 7 8 9 10 | 10.2
Transmutations | 2 5 7 9 10 | 10.4
Long Blades    | 2 |  2.7
Translocations | 3 7 9 |  9.7
Earth Magic    | 1 |  1.6
Ranged Weapons | 1 |  1.5
Shields        | 1 3 |  3.2
Staves         | |  0.9

Action                     |  1- 3 |  4- 6 |  7- 9 | 10-12 | 13-15 | 16-18 || total
---------------------------+-------+-------+-------+-------+-------+-------++-------
  Melee: Dagger            |    78 |   142 |   135 |   262 |   469 |       ||  1086
         Punch             |       |     1 |       |       |       |       ||     1
         Quarterstaff      |       |       |       |    31 |       |       ||    31
         Demon blade       |       |       |       |       |   107 |       ||   107
         Knife             |       |       |       |       |    66 |   197 ||   263
   Fire: Sling             |       |       |     7 |       |       |       ||     7
         Hand cannon       |       |       |       |       |       |     2 ||     2
  Throw: Dart              |       |    32 |    15 |    26 |    17 |    12 ||   102
         Boomerang         |       |       |       |       |    39 |     1 ||    40
   Cast: Ensorcelled Hiber |    32 |    63 |    39 |   164 |   315 |   155 ||   768
         Confusing Touch   |       |     5 |    15 |    21 |    35 |     1 ||    77
         Dazzling Flash    |       |     3 |    11 |    18 |    33 |     9 ||    74
         Yara's Violent Un |       |       |       |       |    23 |    20 ||    43
         Stone Arrow       |       |       |       |       |     2 |    92 ||    94
         Enfeeble          |       |       |       |       |     2 |    41 ||    43
         Passage of Golubr |       |       |       |       |     1 |     7 ||     8
         Passwall          |       |       |       |       |       |    14 ||    14
         Freezing Cloud    |       |       |       |       |       |     6 ||     6
 Invoke: Heroism           |       |       |       |       |     4 |       ||     4
  Evoke: Wand              |       |       |     2 |    13 |    20 |    17 ||    52
         Phial of floods   |       |       |       |     1 |     1 |       ||     2
    Use: Scroll            |       |     6 |     3 |     8 |    10 |     7 ||    34
         Potion            |       |       |     5 |     3 |     6 |     4 ||    18
   Stab: Sleeping          |    23 |    51 |    36 |   138 |   281 |   117 ||   646
         Distracted        |       |     1 |     1 |       |     2 |     6 ||    10
         Confused          |       |     4 |    12 |    12 |    43 |     1 ||    72
         Invisible         |       |     3 |     8 |    19 |    42 |    26 ||    98
 Armour: Robe              |    13 |    39 |    41 |    79 |   142 |    79 ||   393
         Acid dragon scale |       |       |       |       |    41 |       ||    41
  Dodge: Dodged            |    60 |    89 |    82 |   144 |   503 |   177 ||  1055
  Block: Buckler           |       |       |       |       |    10 |     7 ||    17

Table legend: (Time is in decaauts)
 A = Elapsed time spent in this place.
 B = Non-inter-level travel time spent in this place.
 C = Inter-level travel time spent in this place.
 D = Time resting spent in this place.
 E = Time spent auto-exploring this place.
 F = Levels seen in this place.
 G = Mean time per level.
                   A        B        C        D        E       F      G
               +--------+--------+--------+--------+--------+-----+--------+
         Total |  27725 |  25403 |   2322 |   1384 |  15486 |  28 |  990.2 |
       Dungeon |  13589 |  12119 |   1470 |    289 |   8199 |  15 |  905.9 |
        Temple |      1 |      1 |      0 |      0 |      0 |   1 |    1.0 |
          Lair |   5232 |   4979 |    253 |     17 |   3606 |   5 | 1046.4 |
     Snake Pit |   1043 |   1043 |      0 |     81 |    614 |   1 | 1043.0 |
  Orcish Mines |   2455 |   2092 |    363 |    211 |    868 |   2 | 1227.5 |
   Elven Halls |   4998 |   4765 |    233 |    709 |   2171 |   3 | 1666.0 |
      Ice Cave |    405 |    405 |      0 |     77 |     25 |   1 |  405.0 |
               +--------+--------+--------+--------+--------+-----+--------+

Top non-repeatable levels by time:
   Elf:1: 2151 daAuts
   Elf:3: 2012 daAuts
   Orc:2: 1795 daAuts
  Lair:5: 1515 daAuts
     D:9: 1400 daAuts
     D:7: 1331 daAuts
     D:4: 1152 daAuts
     D:2: 1139 daAuts
     D:5: 1123 daAuts
  Lair:4: 1060 daAuts
     D:3: 1049 daAuts
 Snake:1: 1043 daAuts
    D:11: 1003 daAuts
  Lair:2: 991 daAuts
  Lair:1: 863 daAuts
